 Dungeon Crawl Stone Soup version 0.16-a0-3105-gd90c058 (webtiles) character file.

5822 Chiseanne the Ducker (level 10, -4/77 HPs)
             Began as a Mummy Wanderer on Dec 12, 2014.
             Was an Elder of Qazlal.
             Slain by a komodo dragon (16 damage)
             ... on level 10 of the Dungeon.
             The game lasted 00:49:24 (24008 turns).

Chiseanne the Ducker (Mummy Wanderer)              Turns: 24008, Time: 00:49:24

Health: -4/77      AC: 14    Str: 20    XL:     10   Next: 51%
Magic:  18/18      EV: 13    Int: 10    God:    Qazlal [****..]
Gold:   367        SH:  5    Dex: 13    Spells: 0 memorised, 9 levels left

rFire  x . .     SeeInvis +     a - +3 quarterstaff (chaos)
rCold  + . .     Clarity  .     m - +0 scale mail {rPois}
rNeg   + + +     SustAb   .     (no shield)
rPois  ∞         Gourm    .     y - +2 helmet {SInv}
rElec  .         Spirit   .     j - +0 cloak
rCorr  .         Warding  .     g - +1 pair of gloves
rMut   .         Stasis   .     (no boots)
MR     +....                    u - amulet of regeneration
Stlth  +.........               I - ring of see invisible
                                k - +3 ring of strength

@: repel missiles, somewhat resistant to hostile enchantments, very unstealthy
A: no food or potions, fire vulnerability, restore body, cold resistance 1,
negative energy resistance 3, poison resistance, torment resistance, unbreathing
a: Upheaval, Elemental Force, Renounce Religion


You were on level 10 of the Dungeon.
You worshipped Qazlal.
Qazlal was greatly pleased with you.
You were not hungry.

You visited 1 branch of the dungeon, and saw 10 of its levels.
You also visited: Sewer.

You collected 556 gold pieces.
You spent 189 gold pieces at shops.

Inventory:

Hand weapons
 a - a +3 quarterstaff of chaos (weapon)
 d - a +0 mace
 f - a +2 dagger of venom
 s - a +0 dagger of flaming
 w - a +2 blowgun
 G - a +0 halberd of flaming
 J - a +0 flail of protection
Missiles
 b - 47 bolts
 c - 41 sling bullets
 e - 5 tomahawks (quivered)
 i - 112 arrows
 o - 32 poisoned needles
 p - 9 curare-tipped needles
 v - 2 throwing nets
 B - 13 poisoned arrows
 C - 26 arrows of flame
Armour
 g - a +1 pair of gloves (worn)
 j - a +0 cloak (worn)
 m - a +0 scale mail of poison resistance (worn)
 y - a +2 helmet of see invisible (worn)
Rods
 q - a +4 rod of shadows (7/13)
   (You acquired it on level 9 of the Dungeon)
Jewellery
 k - a +3 ring of strength (left hand)
 t - an uncursed ring of protection from cold
 u - an amulet of regeneration (around neck)
 H - an uncursed amulet of resist corrosion
 I - a ring of see invisible (right hand)
Magical devices
 x - a wand of disintegration (13)
 z - a wand of invisibility (9)
Scrolls
 h - 3 scrolls of identify
 l - 2 scrolls of blinking
 n - 2 scrolls of fear
 r - 5 scrolls of remove curse
 A - 2 scrolls of enchant armour
 E - a scroll of magic mapping
 F - 3 scrolls of teleportation
Books
 D - a book of Callings

   Spells                             Type                      Level
   a - Summon Small Mammal            Summoning                    1
   b - Call Imp                       Summoning                    2
   c - Call Canine Familiar           Summoning                    3
   d - Summon Guardian Golem          Hexes/Summoning              4
   e - Summon Lightning Spire         Summoning/Air                4
   f - Summon Ice Beast               Ice/Summoning                4


   Skills:
 - Level 6.8 Fighting
 - Level 1.0 Throwing
 - Level 6.5 Armour
 - Level 6.9 Dodging
 - Level 2.7 Stealth
 - Level 1.0 Unarmed Combat
 - Level 5.7 Invocations
 + Level 5.6 Evocations


You had 9 spell levels left.
You didn't know any spells.

Dungeon Overview and Level Annotations

Branches:
Dungeon (10/15)            Temple (0/1) D:5            Lair (0/8) D:10
    Orc: D:9-12

Altars:
Cheibriados
Dithmenos
Makhleb
Qazlal
Sif Muna
Vehumet
Xom

Shops:
D:4 *   D:7 :   D:9 *


Innate Abilities, Weirdness & Mutations

You do not eat or drink.
Your flesh is vulnerable to fire.
Your flesh is cold resistant.
You are immune to negative energy.
Your system is resistant to poisons.
You are immune to unholy pain and torment.
You can survive without breathing.


Message History

You hear a bellow! x2
The komodo dragon hisses menacingly.
The komodo dragon bites you but does no damage.
You hit the komodo dragon but do no damage.
The komodo dragon bites you! The komodo dragon closely misses you.
You sock the komodo dragon! You freeze the komodo dragon.
The komodo dragon seems to slow down.
The komodo dragon is moderately wounded.
The komodo dragon bites you!
You hit the komodo dragon but do no damage.
The komodo dragon is moderately wounded.
The komodo dragon is no longer moving slowly.
Your scale mail prevents you from hitting the komodo dragon.
The komodo dragon is moderately wounded.
The komodo dragon bites you!! x2
* * * LOW HITPOINT WARNING * * *
You sock the komodo dragon!
The komodo dragon is poisoned.
The komodo dragon is heavily wounded.
The komodo dragon bites you!
You die...

###### ##### ...... ....
....# #.. #######..# #.#
.........##############.####
)....................!......
...........§@l...............
......$.....§§..#############
............§...### #####
................... .....
.................... .....
#.................## #####
.................# #
....}...........# #
...............# ######


You could see a komodo dragon.

Vanquished Creatures
  2 two-headed ogres
  A slime creature (D:10)
  2 hippogriffs
  2 hungry ghosts
  A vampire mosquito (D:9)
  2 ice beasts
  A necrophage (D:9)
  An orc warrior (D:6)
  6 centaurs
  2 phantoms
  6 ogres
  A crocodile (D:9)
  4 giant frogs
  A big kobold (D:9)
  A gnoll sergeant (D:6)
  A wyvern skeleton (D:6)
  9 killer bees
  4 wights (D:7)
  4 crimson imps
  6 jellies
  6 goliath beetles
  An iguana (D:4)
  2 orc priests
  3 hounds
  Crazy Yiuf (D:5)
  Natasha (D:3)
  12 orc wizards
  10 worker ants
  Terence (D:3)
  10 gnolls
  3 shadow imps
  4 giant mites
  13 adders
  2 worms
  2 adder skeletons
  7 oozes
  22 orcs
  21 bats
  A bat zombie (D:7)
  10 giant cockroaches
  14 goblins
  14 hobgoblins
  33 jackals
  24 kobolds
  3 quokkas
  9 ball pythons
  A ball python skeleton (D:4)
  6 giant geckos
  11 giant newts
  A giant spore (D:3)
  A jackal skeleton (D:7)
  2 quokka zombies
  22 rats
  3 ballistomycetes (D:3)
  A plant (Sewer)
334 creatures vanquished.

Vanquished Creatures (collateral kills)
  The ghost of ztt the Blocker, a powerful MiFi of Okawaru (D:10)
  An ice beast (D:10)
  An orc warrior (D:10)
  A giant frog skeleton (D:9)
  A hobgoblin (D:10)
5 creatures vanquished.

Vanquished Creatures (others)
  A mottled dragon (D:10)
  An adder (D:7)
  An orc (D:9)
  3 plants
6 creatures vanquished.

Grand Total: 345 creatures vanquished

Notes
Turn   | Place    | Note
--------------------------------------------------------------
     0 | D:1      | Chiseanne, the Mummy Wanderer, began the quest for the Orb.
     0 | D:1      | Chiseanne set off with: a curare-tipped needle, a +2 blowgun, a +0 robe, a +0 dagger
     0 | D:1      | Reached XP level 1. HP: 16/16 MP: 1/1
   539 | D:1      | Reached XP level 2. HP: 22/22 MP: 2/2
  1458 | D:1      | Reached XP level 3. HP: 28/28 MP: 3/3
  1843 | D:1      | HP: 1/28 [hobgoblin (1)]
  6213 | D:1      | Reached XP level 4. HP: 27/34 MP: 4/4
 11642 | D:1      | Noticed a vampire mosquito
 11643 | D:1      | Noticed a vampire mosquito
 12818 | D:2      | Reached skill level 3 in Dodging
 16049 | D:2      | Noticed a redback zombie
 16112 | D:3      | Noticed Terence
 16267 | D:3      | Killed Terence
 16267 | D:3      | Reached XP level 5. HP: 10/40 MP: 5/5
 16915 | D:3      | Found a stormy altar of Qazlal.
 17016 | D:3      | Became a worshipper of Qazlal Stormbringer
 17101 | D:3      | Noticed Natasha
 17106 | D:3      | Killed Natasha
 17454 | D:4      | Reached XP level 6. HP: 42/47 MP: 6/6
 17654 | D:4      | Found Peymamas' Assorted Antiques.
 17681 | D:4      | Bought a glowing helmet for 94 gold pieces
 17742 | D:4      | Bought a scroll labeled KHOPSI VITO for 21 gold pieces
 17742 | D:4      | Bought a scroll of identify for 42 gold pieces
 17754 | D:4      | Reached skill level 4 in Dodging
 18127 | D:5      | Entered Level 5 of the Dungeon
 18231 | D:5      | Found a glowing drain.
 18235 | Sewer    | Entered a sewer
 18280 | Sewer    | Acquired Qazlal's first power
 19128 | D:5      | Found a staircase to the Ecumenical Temple.
 19269 | D:5      | Reached XP level 7. HP: 26/53 MP: 7/7
 19703 | D:5      | Noticed Crazy Yiuf
 19732 | D:5      | Killed Crazy Yiuf
 19805 | D:5      | Found a shimmering altar of Xom.
 19807 | D:5      | Found a deep blue altar of Sif Muna.
 20003 | D:6      | Reached skill level 5 in Dodging
 20121 | D:6      | Acquired Qazlal's second power
 20388 | D:6      | Reached XP level 8. HP: 58/61 MP: 8/8
 20656 | D:6      | Reached skill level 5 in Fighting
 20897 | D:6      | Reached skill level 5 in Armour
 21326 | D:6      | Identified a scroll of acquirement
 21483 | D:7      | Found a snail-covered altar of Cheibriados.
 21520 | D:7      | Found Gaefopsu's Book Emporium.
 21546 | D:7      | Reached skill level 1 in Invocations
 21558 | D:7      | Reached skill level 6 in Dodging
 21614 | D:7      | Reached XP level 9. HP: 54/69 MP: 10/10
 21828 | D:7      | Acquired Qazlal's third power
 22083 | D:7      | Found a radiant altar of Vehumet.
 22086 | D:7      | Found a burning altar of Makhleb.
 22093 | D:7      | Found a shadowy altar of Dithmenos.
 22613 | D:8      | Reached skill level 1 in Evocations
 23119 | D:9      | Reached XP level 10. HP: 72/77 MP: 17/17
 23137 | D:9      | Found Munaidah's General Store.
 23145 | D:9      | Bought a scroll of identify for 32 gold pieces
 23196 | D:9      | Reached skill level 5 in Evocations
 23263 | D:9      | Acquired Qazlal's fourth power
 23304 | D:9      | Identified a +4 rod of shadows (13/13) (You acquired it on level 9 of the Dungeon)
 23794 | D:10     | Entered Level 10 of the Dungeon
 23923 | D:10     | Noticed ztt's ghost (powerful MiFi)
 23942 | D:10     | Killed ztt's ghost
 23942 | D:10     | Reached skill level 5 in Invocations
 23968 | D:10     | Found a staircase to the Lair.
 24008 | D:10     | Slain by a komodo dragon

Action                   |  1- 3 |  4- 6 |  7- 9 | 10-12 || total
-------------------------+-------+-------+-------+-------++-------
Melee: Dagger            |   258 |   305 |    61 |    36 ||   660
       Short sword       |    76 |   242 |       |       ||   318
       Mace              |       |   141 |     9 |       ||   150
       Quarterstaff      |       |       |   367 |   119 ||   486
Throw: Stone             |       |     9 |       |       ||     9
       Tomahawk          |       |       |       |     1 ||     1
Evoke: Rod               |       |       |       |     5 ||     5
  Use: Scroll            |     3 |    10 |     7 |     1 ||    21
 Stab: Confused          |       |     1 |     1 |       ||     2
       Petrifying        |       |       |     1 |       ||     1
       Paralysed         |       |       |     2 |     2 ||     4
